AoeStats
← bone app the teeth

African Clearing

506245833Analyzed
2v2 RM · 20d ago on Sep 12, 2026· 39m 55s· 4 players
Game mode
Random Map
Map size
Medium (4 player)
Population
200
Speed
Normal
Resources
Standard
Victory
Conquest
Starting age
Dark Age
Ending age
Imperial Age
RankedLock teamsTeams togetherTeam positionsShared explorationLock speedFull tech treeHidden civsTurbo modeCheats
Victory
Defeat
🇪🇸 Huns · Spain
1098
+16
🇬🇧 Poles · United Kingdom
1065
+17
🇺🇸 Ethiopians · United States
1094
-17
🇺🇸 Huns · United States
1090
-16
Aluerad
3:23 Loom
14:29 Feudal Age
15:13 Double-Bit Axe
23:13 Castle Age
22:18 Scale Barding Armor
22:24 Forging
22:27 Bloodlines
23:59 Horse Collar
24:33 Husbandry
27:43 Iron Casting
29:44 Chain Barding Armor
30:30 Pikeman
36:12 Wheelbarrow
36:34 Scale Mail Armor
36:42 Heavy Plow
bone app the teeth
4:42 Loom
14:08 Feudal Age
14:57 Double-Bit Axe
14:54 Horse Collar
19:56 Scale Mail Armor
26:51 Castle Age
28:40 Chain Mail Armor
29:47 Squires
30:54 Wheelbarrow
30:57 Bow Saw
30:53 Heavy Plow
31:28 Gold Mining
31:28 Stone Mining
33:57 Forging
35:22 Fletching
36:09 Iron Casting
36:15 Elite Skirmisher
37:02 Thumb Ring
37:49 Padded Archer Armor
38:48 Bodkin Arrow
39:43 Leather Archer Armor
BiDiDaGo
12:50 Feudal Age
11:07 Loom
13:30 Double-Bit Axe
13:44 Horse Collar
15:49 Bloodlines
17:39 Forging
21:13 Castle Age
20:19 Bloodlines
21:57 Scale Barding Armor
22:59 Husbandry
23:21 Bow Saw
25:16 Gold Mining
25:18 Stone Mining
26:10 Wheelbarrow
26:54 Heavy Plow
27:54 Chain Barding Armor
29:37 Iron Casting
28:54 Fletching
29:26 Light Cavalry
35:56 Imperial Age
33:51 Hand Cart
33:45 Szlachta Privileges
37:27 Conscription
37:28 Lechitic Legacy
37:54 Crop Rotation
38:44 Blast Furnace
37:39 Bodkin Arrow
37:17 Cavalier
40:13 Bracer
ale_sevillafc
4:56 Loom
13:43 Feudal Age
14:16 Double-Bit Axe
21:58 Castle Age
20:39 Gold Mining
21:33 Bloodlines
21:31 Scale Barding Armor
21:21 Horse Collar
26:06 Wheelbarrow
30:59 Fletching
31:10 Padded Archer Armor
35:29 Ballistics
41:44 Imperial Age
Connection lost

Rejoining the realm…

Still unreachable

The connection could not be restored.

Session expired

The server has moved on; the page needs a fresh start.